 Dungeon Crawl Stone Soup version 0.30-a0-23-ge60ba3568b (webtiles) character file.

Game seed: 10304153774526649369

1325 QueenGhuleh the Cleaver (level 8, -1/106 HPs)
             Began as a Minotaur Berserker on Aug 25, 2022.
             Was a Priest of Trog.
             Succumbed to a killer bee's poison
             ... on level 6 of the Dungeon.
             The game lasted 00:08:00 (5071 turns).

QueenGhuleh the Cleaver (Minotaur Berserker)        Turns: 5071, Time: 00:08:00

Health: -1/106     AC: 12    Str: 25    XL:     8   Next: 34%
Magic:  7/7        EV:  8    Int:  4    God:    Trog [***...]
Gold:   264        SH:  0    Dex:  9    Spells: 7/7 levels left

rFire   . . .      SeeInvis .    x - +0 great sword
rCold   . . .      Faith    .    (shield currently unavailable)
rNeg    . . .      Spirit   .    o - +0 plate armour
rPois   .          Reflect  .    (helmet restricted)
rElec   .          Harm     .    (no cloak)
rCorr   .          Rampage  .    (no gloves)
Will    .....                    (no boots)
Stlth   ..........               (no amulet)
HPRegen 0.27/turn                (no ring)
MPRegen 0.10/turn                (no ring)

@: berserking (expiring), lethally poisoned (-1 -> -35), very quick
A: horns 2, retaliatory headbutt
a: Renounce Religion, Berserk, Trog's Hand


You were on level 6 of the Dungeon.
You worshipped Trog.
Trog was most pleased with you.
You visited 1 branch of the dungeon, and saw 6 of its levels.

You collected 264 gold pieces.

Inventory:

Hand Weapons
 q - a +0 broad axe
 x - a +0 great sword (weapon)
Armour
 o - a +0 plate armour (worn)
Jewellery
 m - the ring of Contention {Fire rElec rPois Will- rCorr}
   (You took it off a goblin on level 2 of the Dungeon)

   [ring of fire]

   It enhances your fire magic.
   rF:        It protects you from fire.
   rC:        It makes you vulnerable to cold.
   rElec:     It insulates you from electricity.
   rPois:     It protects you from poison.
   rCorr:     It protects you from acid and corrosion.
   Will:      It decreases your willpower.
Scrolls
 b - a scroll of magic mapping {unknown}
 d - a scroll of fear {unknown}
 f - 2 scrolls of enchant weapon {unknown}
 h - 2 scrolls of amnesia {unknown}
 i - 4 scrolls of identify {unknown}
 j - 4 scrolls of poison {unknown}
 l - 2 scrolls of teleportation {unknown}
 n - a scroll of blinking {unknown}
 p - a scroll of fog {unknown}
 u - 3 scrolls of vulnerability {unknown}
 w - a scroll of acquirement {unknown}
Potions
 a - 2 potions of heal wounds {unknown}
 c - 6 potions of curing {unknown}
 e - a potion of attraction {unknown}
 g - a potion of lignification {unknown}
 k - a potion of ambrosia {unknown}
 r - a potion of cancellation {unknown}
 s - a potion of flight {unknown}
 t - a potion of invisibility {unknown}
 v - 2 potions of experience {unknown}


   Skills:
 + Level 6.9 Fighting
 + Level 2.2 Long Blades
 + Level 8.3(8.6) Axes
 + Level 2.9(6.0) Polearms
 + Level 6.1 Armour
 + Level 3.1 Dodging
 + Level 0.6 Stealth


You had 7 spell levels left.
You didn't know any spells.
Your spell library was empty.

Dungeon Overview and Level Annotations

Branches:
Dungeon (6/15)
 Temple: D:4-7

Altars:
Cheibriados
Hepliaklqana
Kikubaaqudgha
Makhleb
Nemelex Xobeh
Ru
Sif Muna
Uskayaw
Vehumet
Xom
Yredelemnul
The Shining One

Shops:
D:2 [


Innate Abilities, Weirdness & Mutations

You have a pair of horns on your head.
You reflexively headbutt those who attack you in melee.


Message History

Unknown command.
You closely miss the killer bee.
The killer bee is severely wounded.
* * * LOW HITPOINT WARNING * * *
You feel extremely sick. The killer bee stings you.
* * * LOW HITPOINT WARNING * * *
The killer bee closely misses you.
The killer bee stings you but does no damage. x2
The killer bee barely misses you. x2
The killer bee stings you but does no damage. x2
You closely miss the killer bee. Your headbutt misses the killer bee.
The killer bee is severely wounded.
* * * LOW HITPOINT WARNING * * *
You feel very sick.
The killer bee stings you but does no damage.
The killer bee closely misses you. You furiously retaliate!
You headbutt the killer bee!
You kill the killer bee!
Trog accepts your kill. The killer bee barely misses you.
The killer bee stings you but does no damage.
The killer bee stings you.
* * * LOW HITPOINT WARNING * * *
You are more poisoned.
The killer bee poisons you!
The killer bee stings you but does no damage.
The killer bee closely misses you.
Your Armour skill increases to level 6!
The killer bee attacks as you move away!
The killer bee stings you.
* * * LOW HITPOINT WARNING * * *
You are more poisoned.
The killer bee poisons you!
* * * LOW HITPOINT WARNING * * *
You feel extremely sick.
The killer bee stings you but does no damage.
You see here a killer bee corpse.
You barely miss the killer bee. Your headbutt misses the killer bee.
You die...

.......#
#.#.#.#...
......#
#.#.#.#.##
......# #.#.#.#.#
?.....# #.#...#.#
#....# #.#<..#.#
#....# #.#.....##
#yy..# #.#.#.....
############yy..#
#.#.######
#...........@...#
#.#.. ##
#.##########....#
#.########
...##.### ##..##
#.........
#......# ..#
##########
####.#.# ..#
#.#.######## ..#
#..........##..#
####.#####.##..#
#.# #.##..#


You could see 4 killer bees.

Vanquished Creatures
  Sigmund (D:3)
  A steam dragon (D:6)
  An ice beast (D:6)
  A black bear (D:5)
  2 ogres
  2 scorpions (D:5)
  2 killer bees (D:6)
  A howler monkey (D:3)
  An orc priest (D:5)
  A hound (D:5)
  2 jellies
  Jessica (D:3)
  2 iguanas (D:4)
  2 orc wizards
  4 gnolls
  7 adders
  2 worms
  2 dart slugs
  13 orcs
  4 ball pythons
  5 endoplasms
  2 giant cockroaches (D:1)
  10 goblins
  7 hobgoblins
  3 quokkas
  6 bats (D:1)
  3 frilled lizards
  10 kobolds
  6 rats (D:1)
104 creatures vanquished.

Vanquished Creatures (others)
  4 withered plants (D:2)
4 creatures vanquished.

Grand Total: 108 creatures vanquished

Notes
Turn   | Place    | Note
-------+----------+-------------------------------------------
     0 | D:1      | QueenGhuleh the Minotaur Berserker began the quest for the
                  | Orb.
     0 | D:1      | Reached XP level 1. HP: 19/19 MP: 0/0
   193 | D:1      | Reached skill level 4 in Axes
   193 | D:1      | Reached XP level 2. HP: 8/27 MP: 1/1
   650 | D:1      | Reached ** piety under Trog
   651 | D:1      | Reached XP level 3. HP: 33/33 MP: 2/2
  1285 | D:2      | Identified the +9 mace "Benuap" {flame, *Slow +Blink Int+7}
  1551 | D:2      | Reached XP level 4. HP: 23/41 MP: 3/3
  1554 | D:2      | Reached skill level 5 in Axes
  1663 | D:2      | Identified the ring of Contention {Fire rElec rPois Will-
                  | rCorr}
  1745 | D:2      | Found a faded altar of an unknown god.
  1804 | D:2      | Found Baisue's Armour Boutique.
  1965 | D:3      | Noticed Sigmund
  1977 | D:3      | Killed Sigmund
  1978 | D:3      | Reached skill level 5 in Fighting
  1978 | D:3      | Reached skill level 6 in Axes
  1978 | D:3      | Reached XP level 5. HP: 48/48 MP: 4/4
  2076 | D:3      | Reached XP level 6. HP: 56/56 MP: 5/5
  2218 | D:3      | Noticed Jessica
  2226 | D:3      | Killed Jessica
  2227 | D:3      | Reached skill level 1 in Polearms
  2310 | D:3      | Found a radiant altar of Vehumet.
  2564 | D:4      | Identified the +4 whip of Ipir {freeze, Fly rF++ Int+2
                  | Dex-2}
  2906 | D:4      | Reached XP level 7. HP: 34/62 MP: 6/6
  3228 | D:4      | Found a shimmering blue altar of Sif Muna.
  3228 | D:4      | Found a hazy altar of Hepliaklqana.
  3228 | D:4      | Found a sparkling altar of Nemelex Xobeh.
  3232 | D:4      | Found a snail-covered altar of Cheibriados.
  3233 | D:4      | Found a shimmering altar of Xom.
  3235 | D:4      | Found an ancient bone altar of Kikubaaqudgha.
  3235 | D:4      | Found a sacrificial altar of Ru.
  3236 | D:4      | Found a basalt altar of Yredelemnul.
  3242 | D:4      | Found a hide-covered altar of Uskayaw.
  3244 | D:4      | Found a glowing golden altar of the Shining One.
  3247 | D:4      | Found a burning altar of Makhleb.
  3388 | D:5      | Entered Level 5 of the Dungeon
  3401 | D:5      | Reached skill level 7 in Axes
  3530 | D:5      | Reached *** piety under Trog
  4412 | D:5      | Reached skill level 5 in Armour
  4690 | D:6      | Reached XP level 8. HP: 67/71 MP: 7/7
  4837 | D:6      | Reached skill level 8 in Axes
  4964 | D:6      | Reached skill level 1 in Long Blades
  5071 | D:6      | Succumbed to a killer bee's poison

Illustrated notes

Levels and vault maps discovered:
D:1:      psy_arrival_terrarium, layout_loops_ring, minmay_misc_feat_doors
D:2:      layout_loops_ring, ebering_ecumenical_altar_petrified, serial_shops,
          nicolae_shop_hallway_plus, kennysheep_nondescript
D:3:      layout_rooms, nicolae_vehumet_altar_sigil, uniq_jessica, uniq_sigmund
D:4:      layout_loops_ring, nicolae_overflow_hallway_of_the_gods,
          minmay_misc_feat_enclosed
D:5:      layout_loops_corners
D:6:      layout_basic, uniq_maggie

Skill      XL: |  1  2  3  4  5  6  7  8 |
---------------+-------------------------+-----
Fighting       | 4 5 6 |  6.9
Axes           | 4 6 7 8 |  8.3
Armour         | 3 4 5 6 |  6.1
Dodging        | 3 |  3.1
Polearms       | 2 |  2.9
Long Blades    | 2 |  2.2
Stealth        | |  0.6

Action                   |  1- 3 |  4- 6 |  7- 9 || total
-------------------------+-------+-------+-------++-------
Melee: Hand axe          |    79 |    21 |       ||   100
       Headbutt          |     7 |    11 |    13 ||    31
       Halberd           |       |    26 |       ||    26
       Broad axe         |       |    29 |    58 ||    87
       Great sword       |       |       |    26 ||    26
Invok: Berserk           |     1 |     2 |     1 ||     4
Armor: Animal skin       |    18 |       |       ||    18
       Chain mail        |    18 |     9 |       ||    27
       Plate armour      |       |    27 |    87 ||   114
Dodge: Dodged            |    48 |    24 |    73 ||   145

Table legend: (Time is in decaauts)
 A = Elapsed time spent in this place.
 B = Non-inter-level travel time spent in this place.
 C = Inter-level travel time spent in this place.
 D = Time resting spent in this place.
 E = Time spent auto-exploring this place.
 F = Levels seen in this place.
 G = Mean time per level.
                   A        B        C        D        E       F      G
               +--------+--------+--------+--------+--------+-----+--------+
         Total |   5145 |   4975 |    170 |      0 |   4246 |   6 |  857.5 |
       Dungeon |   5145 |   4975 |    170 |      0 |   4246 |   6 |  857.5 |
               +--------+--------+--------+--------+--------+-----+--------+

Top non-repeatable levels by time:
     D:5: 1293 daAuts
     D:1: 1111 daAuts
     D:4: 948 daAuts
     D:2: 847 daAuts
     D:3: 530 daAuts
     D:6: 414 daAuts
